 Dungeon Crawl Stone Soup version 0.28-a0-662-g1651b1f1e0 (webtiles) character file.

Game seed: 6686235039524524087

30 lunkers the Skirmisher (level 3, -8/30 HPs)
             Began as a Djinni Cinder Acolyte on Oct 14, 2021.
             Was a High Priest of Ignis.
             Mangled by a hobgoblin (9 damage)
             ... on level 2 of the Dungeon.
             The game lasted 00:01:50 (1332 turns).

lunkers the Skirmisher (Djinni Cinder Acolyte)      Turns: 1332, Time: 00:01:51

Health: -8/30      AC:  2    Str: 13    XL:     3   Next: 37%
Gold:   59         EV: 11    Int: 16    God:    Ignis [*****.] SH:  0 Dex:  8

rFire   + + +      SeeInvis .   a - -1 falchion (flame)
rCold   x . .      Faith    .   (no shield)
rNeg    . . .      Spirit   .   b - +0 robe
rPois   ∞          Reflect  .   (no helmet)
rElec   .          Harm     .   (no cloak)
rCorr   .          Rampage  .   (no gloves)
Will    ++...                   (boots unavailable)
Stlth   +.........              (no amulet)
HPRegen 0.10/turn               f - ring of willpower
MPRegen 0.00/turn               h - ring of willpower

@: flying
A: sickness immunity, fire resistance 2, cold vulnerability 1, float, innate
caster, hp casting, extra vitality 1
a: Renounce Religion, Sea of Fire, Foxfire Swarm, Rising Flame


You were on level 2 of the Dungeon.
You worshipped Ignis.
Ignis was extremely pleased with you.
You visited 1 branch of the dungeon, and saw 2 of its levels.

You collected 59 gold pieces.

Inventory:

Hand Weapons
 a - a -1 falchion of flaming (weapon)
Armour
 b - a +0 robe (worn)
Jewellery
 f - a ring of willpower (left hand)
 h - a ring of willpower (right hand)
Potions
 c - 2 potions of curing {unknown}
 d - 2 potions of resistance {unknown}
 g - a potion of heal wounds {unknown}


   Skills:
 + Level 3.4 Fighting
 - Level 2.6 Long Blades
 * Level 3.1 Spellcasting


You had 5 spell levels left.
You knew the following spells:

 Your Spells              Type           Power      Damage    Failure   Level
a - Pain                  Necr           48%        1d6       5%          1
p - Scorch                Fire           24%        2d6       8%          2
Your spell library was empty.

Dungeon Overview and Level Annotations

Branches:
Dungeon (2/15)

Altars:


Innate Abilities, Weirdness & Mutations

You are immune to sickness and miasma.
You are immune to poison.
Your flesh is very heat resistant. (rF++)
You are vulnerable to cold. (rC-)
You float through the air rather than walking.
You learn spells naturally, not from books.
Your magical power is your life essence.
You have superior vitality. (+4 HP)


Message History

Unknown command.
Casting: Scorch (safe; 8% risk of failure)
Press: ? - help, Q - select action, (/) - cycle Dir - look around, f - activate Flames lash the jackal.
The jackal is severely wounded.
The jackal's fire resistance burns away.
* * * LOW HITPOINT WARNING * * *
The jackal is no longer more vulnerable to fire.
The jackal bites you but does no damage.
Unknown command.
Casting: Scorch (safe; 8% risk of failure)
Press: ? - help, Q - select action, (/) - cycle Dir - look around, f - activate Flames lash the hobgoblin.
The hobgoblin is heavily wounded.
The hobgoblin's fire resistance burns away.
* * * LOW HITPOINT WARNING * * *
The jackal closely misses you. The hobgoblin closely misses you.
Unknown command.
Casting: Scorch (safe; 8% risk of failure)
Press: ? - help, Q - select action, (/) - cycle Dir - look around, f - activate Flames lash the jackal.
You kill the jackal!
* * * LOW HITPOINT WARNING * * *
The hobgoblin hits you with a +0 mace.
* * * LOW HITPOINT WARNING * * *
The jackal closely misses you.
You don't have enough health to cast this spell.
Unknown command.
The jackal is no longer more vulnerable to fire.
The endoplasm jiggles.
Okay, then.
As you read the scroll labelled ZAJUKL JESYHA, it crumbles to dust.
You hear a loud clanging noise!
It was a scroll of noise.
You hear an angry hiss.
You hear a shout!
You hear an angry hiss.
You hear a shout! x8
The hobgoblin is no longer more vulnerable to fire.
The jackal bites you but does no damage.
The hobgoblin hits you with a +0 mace!
You die...

########## #......#####
#........# #......# #
#........# #......# #
#........# #......## #
###........# #..........#
#..........###).........#
#.#........#............# #
#<#...............#......
#.##.###.....@..#......#####..
#...........gh.......#.#
............†............>
#####.....SJ..............#
.)......####.####.......#
.....<...# ..... +.......#
..........# .#..###.......#
..........# #..# .J........#
..#


You could see an endoplasm, a jackal, a hobgoblin and a ball python.

Vanquished Creatures
  A dart slug (D:1)
  2 endoplasms (D:1)
  2 giant cockroaches (D:1)
  A hobgoblin (D:1)
  6 jackals
  2 kobolds
  2 quokkas (D:1)
  2 ball pythons (D:1)
  4 bats
  3 rats (D:1)
25 creatures vanquished.

Notes
Turn   | Place    | Note
-------+----------+-------------------------------------------
     0 | D:1      | lunkers the Djinni Cinder Acolyte began the quest for the
                  | Orb.
     0 | D:1      | Reached XP level 1. HP: 20/20 MP: 0/0
   227 | D:1      | Reached XP level 2. HP: 23/25 MP: 0/0
   762 | D:1      | Reached XP level 3. HP: 21/30 MP: 0/0
   762 | D:1      | Learned a level 1 spell: Pain
  1223 | D:2      | Found a faded altar of an unknown god.
  1330 | D:2      | HP: 1/30 [hobgoblin (5)]
  1332 | D:2      | Mangled by a hobgoblin

Illustrated notes

Levels and vault maps discovered:
D:1:      co_arrival_random_square_maze, layout_loops_ring
D:2:      layout_basic, ebering_ecumenical_altar_hall, uniq_robin

Skill      XL: |  1  2  3 |
---------------+----------+-----
Spellcasting   | 3 |  3.1
Fighting       | |  3.4
Long Blades    | |  2.6

Action                   || total
-------------------------++-------
Melee: Falchion          ||    16
 Cast: Scorch            ||    28
  Use: Scroll            ||     1
Armor: Robe              ||     8
Dodge: Dodged            ||    25

Table legend: (Time is in decaauts)
 A = Elapsed time spent in this place.
 B = Non-inter-level travel time spent in this place.
 C = Inter-level travel time spent in this place.
 D = Time resting spent in this place.
 E = Time spent auto-exploring this place.
 F = Levels seen in this place.
 G = Mean time per level.
                   A        B        C        D        E       F      G
               +--------+--------+--------+--------+--------+-----+--------+
         Total |   1333 |   1311 |     22 |      0 |   1179 |   2 |  666.5 |
       Dungeon |   1333 |   1311 |     22 |      0 |   1179 |   2 |  666.5 |
               +--------+--------+--------+--------+--------+-----+--------+

Top non-repeatable levels by time:
     D:1: 1225 daAuts
     D:2: 108 daAuts
